 Dungeon Crawl Stone Soup version 0.32-a0-599-gba8f9cf90e (webtiles) character file.

Game seed: 11623042556127887024

39 domi the Apothecary (level 3, -1/24 HPs)
             Began as a Demonspawn Alchemist on Mar 3, 2024.
             Slain by a gnoll
             ... wielding a +0 club
              (7 damage)
             ... on level 1 of the Dungeon.
             The game lasted 00:02:14 (1257 turns).

domi the Apothecary (Demonspawn Alchemist)          Turns: 1257, Time: 00:02:14

Health: -1/24      AC:  3    Str:  8    XL:     3   Next: 26%
Magic:  2/6        EV: 12    Int: 17    God:
Gold:   37         SH:  0    Dex: 13    Spells: 0/6 levels left

rFire   . . .        d - +0 dagger
rCold   . . .        (no shield)
rNeg    . . .        a - +0 robe
rPois   .            (no helmet)
rElec   .            (no cloak)
rCorr   .            (no gloves)
SInv    .            e - +0 pair of boots
Will    .....        (no amulet)
Stlth   ++           (no ring)
HPRegen 0.24/turn    (no ring)
MPRegen 0.20/turn

%: no passive effects
@: very slightly contaminated
A: claws 1, magic regeneration
a: no special abilities


You were on level 1 of the Dungeon.
You visited 1 branch of the dungeon, and saw 2 of its levels.

You collected 37 gold pieces.

Inventory:

Hand Weapons
 d - a +0 dagger (weapon)
   (You took it off a goblin on level 1 of the Dungeon)
Armour
 a - a +0 robe (worn)
 e - a +0 pair of boots (worn)
   (You found it on level 1 of the Dungeon)
Scrolls
 c - 2 scrolls of identify {unknown}
 f - a scroll of revelation {unknown}
Potions
 b - a potion of magic
 g - 2 potions of brilliance {unknown}


   Skills:
 - Level 1.7 Dodging
 - Level 1.7 Stealth
 - Level 2.0 Spellcasting
 - Level 1.0 Conjurations
 + Level 4.4 Alchemy


You couldn't memorise any spells.
You knew the following spells:

 Your Spells              Type           Power      Damage    Failure   Level
c - Mephitic Cloud        Conj/Alch/Air  7%         N/A       28%         3
y - Mercury Vapours       Alch/Air       18%        N/A       12%         2
z - Sting                 Conj/Alch      40%        1d5       6%          1

Your spell library contained the following spells:

 Spells                   Type           Power      Damage    Failure   Level
 Magic Dart               Conj           20%        1d4       13%         1
 Sandblast                Erth           2%         2d4       19%         1
 Olgreb's Toxic Radiance  Alch           16%        N/A       30%         4
 Stone Arrow              Conj/Erth      6%         3d7       43%         3
 Passwall                 Erth           1%         N/A       50%         3
 Sticky Flame             Fire/Alch      9%         2d5       61%         4
 Brom's Barrelling Bould  Conj/Erth      3%         2d3       83%         4
 Monstrous Menagerie      Summ           0%         N/A       100%        7
 Summon Horrible Things   Summ           0%         N/A       100%        8


Dungeon Overview and Level Annotations

Branches:
Dungeon (2/15)

Altars:


Innate Abilities, Weirdness & Mutations

You have sharp fingernails.
You regenerate magic rapidly.


Message History

You see here a +0 spear.
A ball python comes into view.
There is an escape hatch in the floor here.
A ball python is nearby!
A ball python is nearby!
Press: ? - help, Shift-Dir - straight line, f - ball python
Aim: a ball python (asleep, 100% to hit)
The sting hits the ball python.
The ball python is poisoned.
You kill the ball python!
You have reached level 3!
Your experience leads to an increase in your attributes!
Increase (s)trength, (i)ntelligence, or (d)exterity?
You feel clever. x2; Your demonic ancestry asserts itself...
Your fingernails lengthen.
You start memorising the spell.
You continue memorising. x2
You finish memorising.
Spell assigned to 'y'.
This spell is extremely dangerous to cast!
You start memorising the spell.
You continue memorising. x3
You finish memorising.
Spell assigned to 'c'.
Okay, then.
c - 2 scrolls labelled NUITAM RYADIUV (gained 1)
You pick up a book of Geomancy and begin reading...
You add the spells Sandblast, Passwall, Stone Arrow and Brom's Barrelling Boulder to your library.
You see here a +0 whip.
You see here a rat skeleton.
g - 2 coppery potions (gained 1) Done exploring.
Done exploring.
Done exploring.
Done exploring.
Done exploring.
You see here a +0 ring mail.
There is a stone staircase leading down here.
You climb downwards.
The gnoll shouts! x3; You hear a loud squeak.
There is a stone staircase leading up here.
There are monsters nearby!
The gnoll barely misses you.
You climb upwards.
There is a stone staircase leading down here.
Press: ? - help, Shift-Dir - straight line, f - gnoll
Aim: a gnoll, wielding a +0 flail (75% to hit)
The sting misses the gnoll.
The gnoll misses you.
Press: ? - help, Shift-Dir - straight line, f/p - gnoll
Aim: a gnoll, wielding a +0 flail (75% to hit)
The sting hits the gnoll.
The gnoll is poisoned.
The gnoll barely misses you.
Press: ? - help, Shift-Dir - straight line, f/p - gnoll
Aim: a gnoll, wielding a +0 flail (lightly wounded, poisoned, 75% to hit)
The sting misses the gnoll.
The gnoll barely misses you.
Press: ? - help, Shift-Dir - straight line, f/p - gnoll
Aim: a gnoll, wielding a +0 flail (lightly wounded, poisoned, 75% to hit)
The sting hits the gnoll but does no damage.
The gnoll looks even sicker.
The gnoll closely misses you.
Press: ? - help, Shift-Dir - straight line, f/p - gnoll
Aim: a gnoll, wielding a +0 flail (moderately wounded, very poisoned, 75% to hit)
The sting hits the gnoll.
The gnoll looks even sicker.
The gnoll completely misses you.
Press: ? - help, Shift-Dir - straight line, f/p - gnoll
Aim: a gnoll, wielding a +0 flail (heavily wounded, very poisoned, 75% to hit)
The sting hits the gnoll.
The gnoll looks as sick as possible!
The gnoll hits you with a +0 flail.
Press: ? - help, Shift-Dir - straight line, f/p - gnoll
Aim: a gnoll, wielding a +0 flail (almost dead, extremely poisoned, 75% to hit)
The sting hits the gnoll.
The gnoll looks as sick as possible!
You kill the gnoll!
You start resting.
You climb downwards.
The gnoll hits you with a +0 club.
There is a stone staircase leading up here.
The gnoll hits you with a +0 club. The gnoll misses you.
You climb upwards.
There is a stone staircase leading down here.
Press: ? - help, Shift-Dir - straight line, f - gnoll
Aim: a gnoll, wielding a +0 club (75% to hit)
The sting misses the gnoll.
The gnoll barely misses you.
Press: ? - help, Shift-Dir - straight line, f/p - gnoll
Aim: a gnoll, wielding a +0 club (75% to hit)
You miscast Sting.
You are very lightly contaminated with residual magic.
Nothing appears to happen.
The gnoll hits you with a +0 club.
Press: ? - help, Shift-Dir - straight line, f/p - gnoll
Aim: a gnoll, wielding a +0 club (75% to hit)
The sting misses the gnoll.
The gnoll hits you with a +0 club.
Press: ? - help, Shift-Dir - straight line, f/p - gnoll
Aim: a gnoll, wielding a +0 club (75% to hit)
The sting hits the gnoll.
The gnoll is poisoned.
The gnoll misses you. The gnoll attacks as it pursues you!
The gnoll hits you with a +0 club.
Your magical contamination has completely faded away.
Press: ? - help, Shift-Dir - straight line, f/p - gnoll
Aim: a gnoll, wielding a +0 club (moderately wounded, poisoned, 75% to hit)
You miscast Sting.
You are very lightly contaminated with residual magic.
Nothing appears to happen.
The gnoll misses you.
Press: ? - help, Shift-Dir - straight line, f/p - gnoll
Aim: a gnoll, wielding a +0 club (moderately wounded, poisoned, 75% to hit)
The sting hits the gnoll.
The gnoll looks even sicker.
The gnoll hits you with a +0 club.
* * * LOW HITPOINT WARNING * * *
The gnoll attacks as it pursues you! The gnoll barely misses you.
The gnoll attacks as it pursues you! The gnoll hits you with a +0 club!
You die...

####........# #.#.# #.#
#. .# #........# #.#.#
#.# #. .###.####.#.#
#.#.# #.# #. ......#
#.#.# #.#.# #.# #.
.####.# #.#.# #.#.# #.#
#. .# #.# #.#.# #.#.# #.#
#. .# #.###.#)# #.#.# #.#
#. ###
#...#[#.#########.#.# #.#
#.
..#####.#).....g@..##.#.#
#.# #.
#.#......>#.######.##.#.#
#.# #. ..#.#####.#.#
#.##.#.# #.# #. ..#.#.#
#.#.# #.##.#.# #.# #.
....[.# #.#.#
#.##.#.####.# #.
..#.#.###.#.#
#..#.#......###.
#.......#.#.#
####............
......#.#.#.#
############.
###.##....#.# #.


You could see a gnoll (poisoned).

Vanquished Creatures
  A gnoll (D:1)
  A dart slug (D:1)
  2 bats (D:1)
  8 endoplasms (D:1)
  4 goblins (D:1)
  A kobold (D:1)
  4 ball pythons (D:1)
  3 rats (D:1)
24 creatures vanquished.

Notes
Turn   | Place    | Note
-------+----------+-------------------------------------------
     0 | D:1      | domi the Demonspawn Alchemist began the quest for the Orb.
     0 | D:1      | Reached XP level 1. HP: 13/13 MP: 3/3
   245 | D:1      | Gained mutation: You regenerate magic rapidly. [demonic
                  | ancestry]
   245 | D:1      | Reached XP level 2. HP: 19/19 MP: 0/5
   545 | D:1      | Reached skill level 4 in Alchemy
   739 | D:1      | Got Izuhisoj's Discourse on Conjuring and Apparitions
   859 | D:1      | Gained mutation: You have sharp fingernails. [demonic
                  | ancestry]
   859 | D:1      | Reached XP level 3. HP: 24/24 MP: 4/6
   862 | D:1      | Learned a level 2 spell: Mercury Vapours
   866 | D:1      | Learned a level 3 spell: Mephitic Cloud
  1254 | D:1      | HP: 5/24 [gnoll/+0 club (5)]
  1257 | D:1      | Slain by a gnoll

Illustrated notes

Levels and vault maps discovered:
D:1:      saegor_arrival_simple_a, layout_basic
D:2:      layout_rooms, hellmonk_ecumenical_altar_the_god_not_taken,
          uniq_jessica

Skill      XL: |  1  2 |
---------------+-------+-----
Alchemy        | 4 |  4.4
Dodging        | |  1.7
Stealth        | |  1.7
Spellcasting   | |  2.0
Conjurations   | |  1.0

Action                     || total
---------------------------++-------
  Melee: Unarmed           ||     5
         Dagger            ||     7
   Cast: Sting             ||    56
 Armour: Robe              ||    10
  Dodge: Dodged            ||    18

Table legend: (Time is in decaauts)
 A = Elapsed time spent in this place.
 B = Non-inter-level travel time spent in this place.
 C = Inter-level travel time spent in this place.
 D = Time resting spent in this place.
 E = Time spent auto-exploring this place.
 F = Levels seen in this place.
 G = Mean time per level.
                   A        B        C        D        E       F      G
               +--------+--------+--------+--------+--------+-----+--------+
         Total |   1257 |   1201 |     56 |     32 |    996 |   2 |  628.5 |
       Dungeon |   1257 |   1201 |     56 |     32 |    996 |   2 |  628.5 |
               +--------+--------+--------+--------+--------+-----+--------+

Top non-repeatable levels by time:
     D:1: 1253 daAuts
     D:2: 4 daAuts

Levels and vault maps discovered:
D:1:      saegor_arrival_simple_a, layout_basic
D:2:      layout_rooms, hellmonk_ecumenical_altar_the_god_not_taken,
          uniq_jessica

Table legend: (Time is in decaauts)
 A = Elapsed time spent in this place.
 B = Non-inter-level travel time spent in this place.
 C = Inter-level travel time spent in this place.
 D = Time resting spent in this place.
 E = Time spent auto-exploring this place.
 F = Levels seen in this place.
 G = Mean time per level.
                   A        B        C        D        E       F      G
               +--------+--------+--------+--------+--------+-----+--------+
         Total |   1257 |   1201 |     56 |     32 |    996 |   2 |  628.5 |
       Dungeon |   1257 |   1201 |     56 |     32 |    996 |   2 |  628.5 |
               +--------+--------+--------+--------+--------+-----+--------+

Top non-repeatable levels by time:
     D:1: 1253 daAuts
     D:2: 4 daAuts

Table legend:
 A = Kills in this place as a percentage of kills in the entire game.
 B = Kills by you in this place as a percentage of kills by you in the entire game.
 C = Kills by friends in this place as a percentage of kills by friends in the entire game.
 D = Other kills in this place as a percentage of other kills in the entire game.
 E = Experience gained in this place as a percentage of experience gained in the entire game.
 F = Experience gained in this place divided by the number of levels of this place that you have seen.
                   A       B       C       D       E      F
               +-------+-------+-------+-------+-------+----------------------
         Total | 100.0 | 100.0 |   N/A |   N/A | 100.0 |  28.0
       Dungeon | 100.0 | 100.0 |   N/A |   N/A | 100.0 |  28.0
               +-------+-------+-------+-------+-------+----------------------
